Map: 2000 Atmosphären LE

Players

Cheater-1 (Extrem) - Winner!

  • Race: Zerg Zerg

Luca

  • Race: Terran Terran

VOD

Have the link to the VOD?

Description

Time

  • Played on: March 13, 2022, 3:38 p.m.
  • Length: 10:41
Show
View Real Time Build Order
Export as new Build Order

Cheater-1 (Extrem) Zerg - Winner!

Build Orders: Hatch First 

Get SALT Encoding   

  12  0:00  Drone  
  13  0:11  Overlord  
  13  0:15  Drone  
  14  0:29  Drone x2  
  14  0:33  Drone  
  17  0:46  Hatchery  
  17  0:48  Drone  
  17  1:01  Spawning Pool  
  17  1:02  Extractor, Drone  
  16  1:05  Drone  
  17  1:16  Drone  
  18  1:26  Drone  
  19  1:37  Overlord  
  19  1:47  Queen  
  19  1:48  Drone  
  22  1:57  Queen  
  22  1:58  Drone, Zergling x2  
  22  2:00  Roach Warren  
  22  2:01  Extractor  
  24  2:08  Drone  
  24  2:09  Drone  
  26  2:19  Overlord  
  26  2:20  Drone  
  27  2:30  Drone  
  27  2:31  Drone  
  29  2:40  Zergling x2  
  29  2:41  Zergling x2  
  31  2:51  Roach  
  31  2:52  Roach  
  31  2:53  Drone  
  31  2:54  Roach, Drone  
  31  2:55  Lair  
  39  3:02  Overlord  
  39  3:04  Spore Crawler, Roach, Drone x2  
  39  3:05  Drone  
  43  3:07  Spore Crawler  
  42  3:13  Drone  
  42  3:14  Drone  
  44  3:24  Drone  
  44  3:25  Drone  
  46  3:33  Drone x3  
  49  3:35  Drone  
  49  3:36  Overlord, Drone x2  
  52  3:52  Overlord  
  52  3:54  Drone x2  
  54  3:56  Infestation Pit  
  54  3:57  Drone  
  54  3:58  Drone  
  54  3:59  Hydralisk Den  
  54  4:01  Drone, Zergling x2  
  54  4:02  Drone  
  57  4:07  Overlord  
  57  4:08  Drone, Zergling x2  
  57  4:09  Overlord, Zergling x2  
  60  4:20  Roach x2  
  64  4:30  Drone x3  
  54  4:31  Roach, Drone  
  54  4:33  Hive  
  54  4:39  Drone x3  
  54  4:41  Hydralisk  
  54  4:42  Drone  
  54  4:44  Overseer  
  60  4:52  Hydralisk  
  62  4:53  Overlord  
  56  5:01  Hydralisk, Drone x2  
  56  5:04  Drone x2  
  62  5:11  Hydralisk, Drone x2  
  66  5:14  Infestor  
  66  5:15  Drone  
  69  5:25  Infestor  
  69  5:26  Infestor  
  73  5:31  Queen, Evolution Chamber  
  67  5:36  Drone  
  67  5:37  Overlord, Drone x2, Zergling x2  
  72  5:42  Drone  
  72  5:43  Overlord, Drone  
  72  5:45  Evolution Chamber  
  72  5:48  Drone, Zergling x2  
  74  5:57  Ultralisk Cavern  
  74  5:58  Drone  
  74  5:59  Drone  
  75  6:09  Drone  
  75  6:10  Drone  
  77  6:14  Overlord, Drone x2  
  79  6:19  Overlord  
  79  6:21  Infestor  
  81  6:26  Metabolic Boost  
  81  6:27  Hatchery  
  81  6:30  Overlord, Extractor  
  81  6:32  Evolution Chamber, Zergling x2  
  80  6:33  Zerg Melee Weapons Level 1  
  80  6:34  Extractor  
  80  6:37  Hatchery, Roach, Drone, Zergling x2  
  81  6:42  Drone x2  
  81  6:44  Baneling Nest  
  81  6:46  Drone  
  81  6:47  Ultralisk, Drone  
  90  6:53  Drone  
  91  6:54  Drone  
  92  7:03  Drone  
  92  7:05  Drone  
  94  7:08  Zerg Missile Weapons Level 1  
  94  7:09  Ultralisk, Drone x2  
  94  7:15  Drone  
  103  7:16  Drone  
  103  7:18  Zerg Ground Armor Level 1, Drone x3  
  107  7:27  Spine Crawler, Baneling, Drone  
  107  7:28  Baneling x5  
  107  7:29  Baneling x2  
  107  7:30  Spine Crawler, Baneling  
  107  7:31  Baneling  
  107  7:32  Drone  
  107  7:33  Baneling  
  107  7:34  Baneling  
  107  7:36  Baneling  
  107  7:39  Queen  
  107  7:41  Baneling x2, Zergling x2  
  110  7:46  Centrifugal Hooks  
  110  7:50  Queen, Drone x3  
  110  7:51  Baneling, Drone x4  
  117  7:52  Drone x2, Zergling x2  
  117  7:58  Extractor  
  121  7:59  Baneling, Drone  
  121  8:00  Drone x2  
  121  8:01  Drone  
  121  8:04  Hatchery, Extractor  
  123  8:08  Pathogen Glands  
  123  8:10  Drone x2  
  123  8:11  Spore Crawler, Ultralisk, Drone  
  131  8:13  Overlord, Drone x2  
  133  8:21  Drone  
  133  8:22  Baneling x2, Drone x2, Zergling x2  
  133  8:23  Baneling, Drone, Zergling x2  
  139  8:29  Spore Crawler  
  139  8:32  Overlord, Drone  
  139  8:33  Drone x2  
  141  8:39  Glial Reconstitution  
  141  8:43  Pneumatized Carapace, Spine Crawler, Ultralisk, Drone  
  141  8:44  Drone x3  
  141  8:45  Spore Crawler  
  141  8:46  Drone  
  150  8:49  Chitinous Plating  
  150  8:51  Overlord  
  150  8:53  Burrow  
  150  9:00  Ultralisk  
  156  9:05  Neural Parasite  
  156  9:09  Overlord  
  156  9:12  Ultralisk  
  156  9:16  Queen  
  163  9:17  Drone  
  163  9:18  Overseer  
  165  9:27  Hatchery, Drone, Overlord, Extractor, Overseer  
  165  9:28  Drone  
  165  9:30  Spine Crawler, Infestor  
  165  9:31  Drone  
  167  9:32  Spine Crawler  
  167  9:33  Drone  
  167  9:34  Spore Crawler  
  167  9:35  Drone, Extractor  
  167  9:36  Infestor  
  167  9:37  Drone  
  169  9:43  Viper  
  172  9:46  Overlord  
  172  9:50  Viper  
  175  9:59  Ultralisk  
  175  10:00  Spire  
  175  10:01  Drone  
  175  10:02  Spine Crawler  
  175  10:03  Drone  
  175  10:04  Spine Crawler  
  175  10:05  Overlord, Drone  
  175  10:07  Spine Crawler, Drone, Roach x2  
  175  10:10  Spine Crawler  
  175  10:11  Drone  
  187  10:19  Roach, Zergling x2  
  187  10:21  Zergling x2  
Show
View Real Time Build Order
Export as new Build Order

Luca Terran 

Build Orders: 1/1/1 

Get SALT Encoding   

  12  0:00  SCV  
  13  0:12  SCV  
  14  0:17  Supply Depot  
  14  0:24  SCV  
  15  0:37  Refinery  
  15  0:38  SCV  
  16  0:44  Barracks  
  16  0:50  SCV  
  16  0:53  Refinery  
  17  1:03  SCV  
  18  1:15  SCV  
  19  1:31  Orbital Command, Marine  
  20  1:33  Factory  
  20  1:41  Supply Depot  
  20  1:49  Marine  
  21  1:56  SCV  
  22  2:07  Marine  
  23  2:08  SCV  
  24  2:18  Starport  
  24  2:19  Factory Tech Lab  
  24  2:24  SCV, Armory  
  24  2:27  Marine  
  26  2:37  SCV  
  27  2:38  Widow Mine  
  29  2:46  Barracks Reactor  
  29  2:50  SCV  
  30  3:02  SCV  
  30  3:03  Medivac  
  30  3:04  Widow Mine  
  35  3:05  Supply Depot  
  35  3:16  Drilling Claws  
  35  3:26  Widow Mine  
  37  3:29  Command Center  
  37  3:32  Marine  
  38  3:34  Marine  
  38  3:38  SCV  
  40  3:47  Supply Depot, Widow Mine  
  42  3:52  Marine  
  42  3:53  Marine  
  44  3:56  SCV  
  44  4:02  Medivac  
  47  4:09  SCV  
  48  4:11  Supply Depot  
  48  4:15  Marine  
  48  4:16  Marine  
  50  4:28  SCV  
  50  4:30  Widow Mine  
  53  4:33  Marine  
  53  4:34  Supply Depot, Marine  
  55  4:44  SCV  
  56  4:51  Marine  
  56  4:52  Widow Mine, Marine  
  60  5:01  SCV  
  60  5:04  Supply Depot  
  55  5:07  Barracks  
  55  5:10  Barracks  
  55  5:11  Marine  
  55  5:12  Marine  
  57  5:16  Orbital Command  
  47  5:33  Marine  
  47  5:34  Marine  
  47  5:35  SCV, Siege Tank  
  45  5:43  SCV  
  45  5:48  SCV  
  47  5:51  Command Center  
  47  5:53  Marine x2  
  47  5:54  Barracks Tech Lab  
  47  5:56  Barracks Tech Lab  
  49  5:58  SCV  
  49  6:00  SCV  
  49  6:07  Engineering Bay  
  49  6:10  Engineering Bay, SCV  
  50  6:13  Siege Tank  
  50  6:15  SCV  
  50  6:17  Stimpack  
  54  6:19  Combat Shield  
  54  6:22  SCV  
  54  6:24  Marine  
  56  6:25  Marine  
  56  6:28  Marine x2  
  56  6:31  SCV  
  60  6:38  Terran Infantry Weapons Level 1  
  60  6:39  SCV  
  61  6:42  Marine  
  61  6:43  SCV, Marine  
  64  6:51  SCV  
  64  6:53  Marine x2  
  67  6:56  Barracks  
  67  6:57  Barracks  
  67  6:59  Marine, Siege Tank  
  71  7:01  SCV, Marine  
  71  7:03  SCV  
  71  7:06  Orbital Command  
  74  7:10  Starport Reactor  
  74  7:14  Refinery, SCV  
  74  7:15  Marine x2  
  75  7:17  Refinery, SCV  
  75  7:22  Terran Infantry Armor Level 1, Marine  
  78  7:23  Marine  
  78  7:27  Supply Depot  
  78  7:29  SCV  
  82  7:30  SCV  
  82  7:31  SCV  
  82  7:33  Marine  
  82  7:36  Marine  
  85  7:40  Widow Mine, Marine  
  85  7:43  Orbital Command  
  88  7:45  Barracks Reactor x2  
  88  7:47  SCV  
  90  7:54  SCV  
  90  7:56  Marine x3  
  93  7:59  SCV  
  93  8:00  Armory  
  93  8:01  Marine  
  95  8:06  SCV  
  95  8:08  SCV  
  95  8:11  Medivac, SCV  
  95  8:12  Medivac  
  102  8:13  Marine x2  
  102  8:14  Widow Mine, Marine  
  102  8:18  SCV, Marine  
  102  8:19  Factory  
  109  8:20  SCV  
  109  8:23  Marine x4  
  114  8:31  Supply Depot, Marine x3  
  117  8:36  Supply Depot  
  117  8:37  Supply Depot  
  117  8:45  Supply Depot  
  117  8:52  SCV x2, Marine x6  
  125  8:58  Marine x2, Siege Tank  
  130  9:04  Supply Depot  
  130  9:08  Factory Reactor  
  130  9:10  Supply Depot, Marine x6  
  130  9:13  Supply Depot  
  130  9:16  Marine x2  
  138  9:21  Barracks x2  
  138  9:22  Barracks, Command Center  
  138  9:28  Marine x2  
  138  9:30  Siege Tank  
  143  9:33  Supply Depot  
  143  9:34  Marine x4  
  143  9:38  Medivac x2  
  151  9:44  Marine x2  
  153  9:46  Widow Mine x2, Marine  
  153  9:50  SCV  
  153  9:51  SCV x2  
  161  9:53  Refinery  
  161  9:55  Refinery, Marine  
  161  9:56  Marine x2  
  164  10:00  Marine x2  
  164  10:03  SCV  
  167  10:07  Widow Mine x2  
  167  10:10  Barracks Tech Lab  
  167  10:11  Barracks Tech Lab x2  
Tags
 
Add a new tag
Caveats
  • Supply blocks, unpowered buildings, or Contaminate may cause inaccurate times.
  • Supply counts are checked every 10 seconds.